 Dungeon Crawl Stone Soup version 0.19.5 (webtiles) character file.

2254 Mesmaeker13 the Poker (level 9, 0/69 HPs)
             Began as a Demonspawn Gladiator on Mar 22, 2017.
             Was a Follower of Ashenzari.
             Succumbed to a killer bee's poison
             ... on level 7 of the Dungeon.
             The game lasted 00:24:39 (8240 turns).

Mesmaeker13 the Poker (Demonspawn Gladiator)        Turns: 8240, Time: 00:24:40

Health: 0/69       AC: 11    Str: 19    XL:     9   Next: 15%
Magic:  0/12       EV: 12    Int: 10    God:    Ashenzari [*.....]
Gold:   73         SH:  4    Dex: 13    Spells: 0 memorised, 8 levels left

rFire  + . .     SeeInvis .     a - +2 trident
rCold  . . .     Gourm    .     d - +0 scale mail
rNeg   . . .     Faith    .     e - +0 buckler
rPois  .         Spirit   +     c - +0 helmet (curse)
rElec  .         Reflect  .     i - +0 cloak (curse)
rCorr  .         Harm     .     (no gloves)
MR     .....                    (no boots)
Stlth  ..........               E - amulet of regeneration (curse)
                                (no ring)
                                (no ring)

@: lethally poisoned (0 -> -5)
A: thin metallic scales 1, fire resistance 1, magic shield
a: Curse Item, Scrying, Renounce Religion


You were on level 7 of the Dungeon.
You worshipped Ashenzari.
Ashenzari was aware of your devotion.
You were not hungry.

You visited 1 branch of the dungeon, and saw 8 of its levels.

You collected 373 gold pieces.
You spent 300 gold pieces at shops.

Inventory:

Hand Weapons
 a - a +2 trident (weapon)
Missiles
 l - a tomahawk (quivered)
 q - 164 stones
Armour
 c - a cursed +0 helmet (worn)
 d - a +0 scale mail (worn)
 e - a +0 buckler (worn)
 i - a cursed +0 cloak (worn)
Jewellery
 u - an uncursed ring of ice
 E - a cursed amulet of regeneration (around neck)
Wands
 b - a wand of iceblast (0/15)
 j - a wand of heal wounds (2/9)
 t - a wand of random effects (25/48)
Scrolls
 h - 3 scrolls of magic mapping {unknown}
 n - a scroll of enchant armour
 r - 2 scrolls of immolation
 y - 3 scrolls of blinking
 C - a scroll of recharging
Potions
 g - a potion of invisibility
 o - a potion of lignification
 x - 2 potions of agility
 z - 2 potions of brilliance
 D - a potion of cancellation
Books
 B - a book of Frost

   Spells                             Type                      Level
   a - Freeze                         Ice                          1
   b - Throw Frost                    Conjuration/Ice              2
   c - Ozocubu's Armour               Charms/Ice                   3
   d - Throw Icicle                   Conjuration/Ice              4
   e - Summon Ice Beast               Ice/Summoning                4
Comestibles
 f - 5 bread rations
 p - 4 slices of pizza
 s - a fruit
 A - 4 beef jerkies


   Skills:
 - Level 6.2 Fighting
 + Level 6.5 Polearms
 - Level 1.7 Throwing
 + Level 3.8 Armour
 - Level 5.0 Dodging
 + Level 2.4 Shields
 + Level 4.0 Evocations


You had 8 spell levels left.
You didn't know any spells.

Dungeon Overview and Level Annotations

Branches:
Dungeon (8/15)             Temple (0/1) D:7
   Lair: D:8-11

Altars:
Ashenzari
Cheibriados
Dithmenos
Elyvilon
Kikubaaqudgha
Nemelex Xobeh
Okawaru
Ru
Sif Muna
The Shining One

Shops:
D:6 =


Innate Abilities, Weirdness & Mutations

You are partially covered in thin metallic scales. (AC +2)
Your flesh is heat resistant. (rF+)
When hurt, damage is shared between your health and your magic reserves.


Message History

You barely miss the killer bee.
The killer bee is lightly wounded.
* * * LOW HITPOINT WARNING * * *
You feel sick. The killer bee stings you.
You are more poisoned.
The killer bee poisons you!
The killer bee stings you but does no damage.
Unknown command.
Unknown command.
You are too injured to fight recklessly!
You are too injured to fight recklessly!
You are too injured to fight recklessly!
What are your orders? t - Shout!
Orders for allies: a - Attack new target. r - Retreat! s - Stop attacking. g - Guard the area. f - Follow me.
Anything else - Cancel.
You shout for attention!
You die...

##.......#.#
#..........#
##.......## #...†..##
#.#†>.## #.##.##
###### #.#### #....#
##y## #.##.######
##..@######.##..))..)
#)#...).....#########
##.#.######## ##.##
###


You could see a killer bee.

Vanquished Creatures
  Eustachio (D:4)
  Menkaure (D:5)
  A water moccasin (D:6)
  2 orc warriors
  2 ice beasts
  2 sky beasts
  2 ogres
  Blork the orc (D:4)
  A bullfrog (D:6)
  A gnoll sergeant (D:4)
  3 scorpions
  2 killer bees (D:7)
  A crimson imp (D:7)
  3 hounds
  An orc wizard (D:7)
  A bullfrog skeleton (D:8)
  Crazy Yiuf (D:2)
  Jessica (D:2)
  An iguana (D:6)
  3 worker ants
  4 hound zombies
  A howler monkey zombie (D:6)
  8 gnolls
  9 adders
  A shadow imp (D:5)
  3 oozes
  3 worms
  An adder skeleton (D:6)
  An adder zombie (D:6)
  A dart slug (D:3)
  2 leopard geckos
  21 orcs
  7 giant cockroaches
  4 hobgoblins
  12 jackals
  4 quokkas
  3 bats
  3 frilled lizards
  11 goblins
  A jackal skeleton (D:7)
  6 kobolds
  6 rats
  A fungus (D:2)
144 creatures vanquished.

Vanquished Creatures (others)
  A quokka (D:5)
1 creature vanquished.

Grand Total: 145 creatures vanquished

Notes
Turn   | Place    | Note
-------+----------+-------------------------------------------
     0 | D:1      | Mesmaeker13 the Demonspawn Gladiator began the quest for the Orb.
     0 | D:1      | Reached XP level 1. HP: 16/16 MP: 1/1
   586 | D:1      | Gained mutation: When hurt, damage is shared between your health and your magic reserves. [demonic ancestry]
   586 | D:1      | Reached XP level 2. HP: 22/22 MP: 2/2
  1104 | D:1      | Reached XP level 3. HP: 21/27 MP: 3/3
  1887 | D:2      | Reached XP level 4. HP: 32/34 MP: 4/4
  2421 | D:2      | Noticed Jessica
  2478 | D:2      | Killed Jessica
  2743 | D:2      | Found a runed door.
  2873 | D:2      | Reached XP level 5. HP: 38/41 MP: 3/5
  3182 | D:3      | Found a glowing golden altar of the Shining One.
  3896 | D:4      | Noticed Blork the orc
  3955 | D:2      | Noticed Crazy Yiuf
  3961 | D:2      | Killed Crazy Yiuf
  4135 | D:4      | Killed Blork the orc
  4135 | D:4      | Gained mutation: Your flesh is heat resistant. (rF+) [demonic ancestry]
  4135 | D:4      | Reached XP level 6. HP: 34/48 MP: 4/6
  4509 | D:4      | Found a snail-covered altar of Cheibriados.
  4657 | D:4      | Found a shattered altar of Ashenzari.
  4659 | D:4      | Found an ancient bone altar of Kikubaaqudgha.
  4675 | D:4      | Found a sacrificial altar of Ru.
  4675 | D:4      | Found a deep blue altar of Sif Muna.
  4676 | D:4      | Found a white marble altar of Elyvilon.
  4676 | D:4      | Found an iron altar of Okawaru.
  4905 | D:4      | Became a worshipper of Ashenzari the Shackled
  5266 | D:5      | Entered Level 5 of the Dungeon
  5266 | D:5      | Noticed an ice beast
  5277 | D:4      | Killed an ice beast
  5277 | D:4      | Reached XP level 7. HP: 24/55 MP: 3/7
  5534 | D:5      | Noticed Menkaure
  5539 | D:5      | Killed Menkaure
  5539 | D:5      | Reached skill level 5 in Polearms
  5539 | D:5      | Reached skill level 5 in Dodging
  5593 | D:5      | Noticed Eustachio
  5955 | D:4      | Killed Eustachio
  5955 | D:4      | Reached skill level 5 in Fighting
  5955 | D:4      | Reached skill level 1 in Armour
  5955 | D:4      | Reached skill level 1 in Evocations
  6194 | D:5      | Reached XP level 8. HP: 62/62 MP: 9/9
  6246 | D:5      | Found a shadowy altar of Dithmenos.
  6341 | D:5      | Found a sparkling altar of Nemelex Xobeh.
  7056 | D:6      | Found Tityiseb's Jewellery Shoppe.
  7067 | D:6      | Bought an uncursed amulet of regeneration for 300 gold pieces
  7318 | D:7      | Found a staircase to the Ecumenical Temple.
  7579 | D:6      | Reached skill level 1 in Shields
  7731 | D:7      | Reached * piety under Ashenzari
  8102 | D:7      | Gained mutation: You are partially covered in thin metallic scales. (AC +2) [demonic ancestry]
  8102 | D:7      | Reached XP level 9. HP: 62/69 MP: 11/11
  8237 | D:7      | HP: 1/69 [killer bee (5)]
  8240 | D:7      | Succumbed to a killer bee's poison

Skill      XL: |  1  2  3  4  5  6  7  8  9 |
---------------+----------------------------+-----
Dodging        | 3 4 5 |  5.0
Polearms       | 3 4 5 6 |  6.5
Fighting       | 3 4 5 6 |  6.2
Armour         | 1 3 |  3.8
Evocations     | 1 3 4 |  4.0
Shields        | 2 |  2.4
Throwing       | |  1.7

Action                   |  1- 3 |  4- 6 |  7- 9 || total
-------------------------+-------+-------+-------++-------
Melee: Trident           |   154 |   170 |   276 ||   600
       Quarterstaff      |       |    66 |    25 ||    91
Throw: Throwing net      |     2 |     2 |       ||     4
       Stone             |       |     6 |     1 ||     7
       Tomahawk          |       |       |     2 ||     2
Invok: Curse Item        |       |     2 |     1 ||     3
Evoke: Wand              |       |       |    13 ||    13
  Use: Potion            |       |     4 |     9 ||    13
       Scroll            |       |     5 |     8 ||    13
 Stab: Held in net/web   |     1 |       |       ||     1
       Distracted        |       |       |     1 ||     1
       Petrifying        |       |       |     1 ||     1
       Paralysed         |       |       |    12 ||    12
  Eat: Chunk             |     3 |    11 |     6 ||    20
       Bread ration      |       |       |     1 ||     1
Armor: Leather armour    |    64 |    22 |       ||    86
       Scale mail        |       |    47 |   118 ||   165
       Skin              |       |       |    59 ||    59
Dodge: Dodged            |   130 |   123 |   160 ||   413
Block: Buckler           |       |       |    31 ||    31
